 Dungeon Crawl Stone Soup version 0.28-a0-1387-g3a22ab9bdc (webtiles) character file.

Game seed: 18385349757896054338

63 pokeman the Magician (level 3, -4/20 HPs)
             Began as a Deep Elf Hedge Wizard on Jan 2, 2022.
             Killed by miscasting Mephitic Cloud (11 damage)
             ... on level 2 of the Dungeon.
             The game lasted 00:04:35 (3760 turns).

pokeman the Magician (Deep Elf Hedge Wizard)        Turns: 3760, Time: 00:04:36

Health: -4/20      AC:  3    Str:  7    XL:     3   Next: 87%
Magic:  6/11       EV: 12    Int: 20    God:
Gold:   58         SH:  0    Dex: 14    Spells: 1/12 levels left

rFire   . . .      SeeInvis .   m - +2 mace (holy)
rCold   . . .      Faith    .   (no shield)
rNeg    . . .      Spirit   .   e - +0 leather armour
rPois   .          Reflect  .   c - +0 hat
rElec   .          Harm     .   (no cloak)
rCorr   .          Rampage  .   (no gloves)
Will    .....                   (no boots)
Stlth   ++........              (no amulet)
HPRegen 0.06/turn               (no ring)
MPRegen 0.12/turn               (no ring)

@: on blink cooldown, very slightly contaminated
A: no striking features
a: no special abilities


You were on level 2 of the Dungeon.
You visited 1 branch of the dungeon, and saw 3 of its levels.

You collected 58 gold pieces.

Inventory:

Hand Weapons
 m - a +2 mace of holy wrath (weapon)
Missiles
 h - 20 bolts
Armour
 c - a +0 hat (worn)
 e - a +0 leather armour (worn)
Scrolls
 a - a scroll of acquirement {unknown}
 b - 2 scrolls of teleportation {unknown}
 g - a scroll of fear {unknown}
 i - 6 scrolls of identify {unknown}
 l - 3 scrolls of magic mapping {unknown}
 n - a scroll of enchant weapon {unknown}
 o - a scroll of fog {unknown}
Potions
 d - a potion of brilliance {unknown}
 f - a potion of mutation {unknown}
 j - a potion of berserk rage {unknown}
 k - a potion of cancellation {unknown}
 p - a potion of haste {unknown}


   Skills:
 - Level 1.0 Fighting
 - Level 1.0 Armour
 + Level 2.5 Dodging
 - Level 2.4 Stealth
 * Level 5.4 Spellcasting
 + Level 2.1 Conjurations
 - Level 1.1 Summonings
 - Level 1.1 Translocations
 + Level 0.3 Fire Magic


You had one spell level left.
You knew the following spells:

 Your Spells              Type           Power      Damage    Failure   Level
a - Magic Dart            Conj           52%        1d5       7%          1
b - Mephitic Cloud        Conj/Pois/Air  8%         N/A       36%         3
c - Call Imp              Summ           9%         N/A       16%         2
d - Blink                 Tloc           18%        N/A       16%         2
e - Conjure Flame         Conj/Fire      10%        6-21      30%         3

Your spell library contained the following spells:

 Spells                   Type           Power      Damage    Failure   Level
 Slow                     Hex            20%        N/A       16%         1
 Olgreb's Toxic Radiance  Pois           5%         N/A       85%         4
 Ozocubu's Refrigeration  Ice            2%         4d5       100%        7
 Ignition                 Fire           3%         3d4       100%        8


Dungeon Overview and Level Annotations

Branches:
Dungeon (3/15)

Altars:

Shops:
D:3 [

Annotations:
D:3 Grinder


Message History

Unknown command.
Casting: Magic Dart (safe; 7% risk of failure)
Confirm with . or Enter, or press ? or * to list all spells.
You can't see any susceptible monsters within range! (Use Z to cast anyway.) Unknown command.
You start resting.
Magic restored.
Things that are here:
a +0 club; a bat corpse; a goblin corpse
There is a stone staircase leading down here.
You start resting.
HP restored.
You climb downwards.
Level annotation: Grinder The gnoll hits you with a +0 whip.
The goblin barely misses you. The rat bites you. The gnoll closely misses you.
There is a stone staircase leading up, spattered with blood here.
Unknown command.
Unknown command.
The goblin misses you. The rat completely misses you.
The gnoll hits you with a +0 whip.
You climb upwards.
There is a stone staircase leading down here.
Unknown command.
Unknown command.
Casting: Magic Dart (safe; 7% risk of failure)
Confirm with . or Enter, or press ? or * to list all spells.
You blink.
Unknown command.
Casting: Blink (safe; 16% risk of failure)
Confirm with . or Enter, or press ? or * to list all spells.
The spell is potentially lethal to miscast (36% risk of failure)!
Continue anyway?
Aiming: Mephitic Cloud (potentially lethal; 36% risk of failure)
Press: ? - help, Shift-Dir - straight line, f - gnoll
Aim: a gnoll, wielding a +0 whip (chance to affect: 91%)
You miscast Mephitic Cloud.
You are very lightly contaminated with residual magic.
Sparks of electricity dance around you!
Ouch! That really hurt!
You die...

..........#..# #.#
..........##.# #.#
..........##.# #.#
..........##.# #.#
..........##.###.#########
....########..##.........#
##### ######.##.#######.#
#...##..#.# ####.#
#####...###.#@# #....#
#.......# #.#.# #.####
#.#.....# #.)g# #.#
###.......# ##g.# #.#
#.........# #.r# #.#
###.#.....#####># #.#
#.#.....'...### #.#
#.#.....###.# #.#
####.#.....###.######.#


You could see a gnoll, a goblin and a rat.

Vanquished Creatures
  A gnoll (D:2)
  3 orcs (D:3)
  3 ball pythons
  2 endoplasms (D:1)
  3 giant cockroaches
  8 hobgoblins
  2 quokkas
  4 bats
  4 frilled lizards
  6 goblins
  3 kobolds
  7 rats
46 creatures vanquished.

Vanquished Creatures (collateral kills)
  An orc (D:3)
1 creature vanquished.

Grand Total: 47 creatures vanquished

Notes
Turn   | Place    | Note
-------+----------+-------------------------------------------
     0 | D:1      | pokeman the Deep Elf Hedge Wizard began the quest for the
                  | Orb.
     0 | D:1      | Reached XP level 1. HP: 10/10 MP: 7/7
   332 | D:1      | Reached XP level 2. HP: 16/16 MP: 0/9
  1208 | D:1      | Found a faded altar of an unknown god.
  1431 | D:2      | Reached skill level 5 in Spellcasting
  1719 | D:2      | Reached XP level 3. HP: 20/20 MP: 5/11
  1723 | D:2      | Learned a level 3 spell: Mephitic Cloud
  1726 | D:2      | Learned a level 2 spell: Call Imp
  1729 | D:2      | Learned a level 2 spell: Blink
  1733 | D:2      | Learned a level 3 spell: Conjure Flame
  2662 | D:3      | Found Tazokh's Antique Armour Shop.
  2851 | D:3      | Reached skill level 1 in Fighting
  3108 | D:3      | Reached skill level 1 in Armour
  3123 | D:3      | Noticed Grinder
  3132 | D:3      | Paralysed by Grinder for 2 turns
  3760 | D:2      | Killed by miscasting Mephitic Cloud

Illustrated notes

Levels and vault maps discovered:
D:1:      mrwooster_arrival_statue_2, layout_basic,
          ebering_ecumenical_altar_webs
D:2:      layout_basic
D:3:      layout_loops_ring, lemuel_coloured_pillars_altar, serial_shops, shop,
          chequers_serial_rivers_micro_b, hangedman_decor_opposing,
          st_stairs_11, uniq_grinder

Skill      XL: |  1  2  3 |
---------------+----------+-----
Spellcasting   | 5 |  5.4
Fighting       | 1 |  1.0
Conjurations   | 2 |  2.1
Armour         | 1 |  1.0
Dodging        | |  2.5
Stealth        | |  2.4
Summonings     | |  1.1
Translocations | |  1.1
Fire Magic     | |  0.3

Action                   || total
-------------------------++-------
Melee: Dagger            ||    23
       Mace              ||    10
 Cast: Magic Dart        ||   121
       Blink             ||     3
       Call Imp          ||     3
       Mephitic Cloud    ||     1
Armor: Leather armour    ||    13
Dodge: Dodged            ||    46

Table legend: (Time is in decaauts)
 A = Elapsed time spent in this place.
 B = Non-inter-level travel time spent in this place.
 C = Inter-level travel time spent in this place.
 D = Time resting spent in this place.
 E = Time spent auto-exploring this place.
 F = Levels seen in this place.
 G = Mean time per level.
                   A        B        C        D        E       F      G
               +--------+--------+--------+--------+--------+-----+--------+
         Total |   3767 |   3710 |     57 |    725 |   2550 |   3 | 1255.7 |
       Dungeon |   3767 |   3710 |     57 |    725 |   2550 |   3 | 1255.7 |
               +--------+--------+--------+--------+--------+-----+--------+

Top non-repeatable levels by time:
     D:2: 1552 daAuts
     D:1: 1359 daAuts
     D:3: 856 daAuts
